 Dungeon Crawl Stone Soup version 0.24-a0-462-ge24419a6ad (console) character file.

Game seed: 1839547940609260067

19 Lexodia the Sneak (level 2, 0/16 HPs)
             Began as a Vampire Enchanter on July 2, 2019.
             Slain by a kobold
             ... wielding a +0 club
              (2 damage)
             ... on level 1 of the Dungeon.
             The game lasted 00:00:46 (262 turns).

Lexodia the Sneak (Vampire Enchanter)                Turns: 262, Time: 00:00:47

Health: 0/16       AC:  2    Str:  7    XL:     2   Next: 55%
Magic:  0/5        EV: 12    Int: 17    God:
Gold:   0          SH:  0    Dex: 14    Spells: 2/5 levels left

rFire    . . .     SeeInvis +   a - +1 dagger
rCold    + + .     Gourm    .   (no shield)
rNeg     + + +     Faith    .   b - +0 robe
rPois    ∞         Spirit   .   (no helmet)
rElec    .         Reflect  .   (no cloak)
rCorr    .         Harm     .   (no gloves)
MR       .....                  (no boots)
Stlth    +++++.....             (no amulet)
HPRegen  0.00/turn              (no ring)
MPRegen  0.09/turn              (no ring)

@: bloodless, regenerating quickly
A: no food, fangs 3, see invisible, unbreathing
a: Revivify


You were on level 1 of the Dungeon.
You were bloodless.

You visited 1 branch of the dungeon, and saw 1 of its levels.

Inventory:

Hand Weapons
 a - a +1 dagger (weapon)
Armour
 b - a +0 robe (worn)


   Skills:
 + Level 0.7 Fighting
 + Level 1.7 Short Blades
 - Level 2.1 Dodging
 + Level 4.8 Stealth
 - Level 2.0 Spellcasting
 + Level 4.8 Hexes


You had 2 spell levels left.
You knew the following spells:

 Your Spells              Type           Power        Failure   Level  Hunger
a - Corona                Hex            ###....      2%          1    N/A
b - Ensorcelled Hibernat  Hex/Ice        #.....       11%         2    N/A

Your spell library contained the following spells:

 Spells                   Type           Power        Failure   Level  Hunger
 Confuse                  Hex            ###.....     9%          3    N/A
 Tukima's Dance           Hex            ###.....     9%          3    N/A
 Dazzling Spray           Conj/Hex       #.....       22%         3    N/A

Dungeon Overview and Level Annotations

Branches:
Dungeon (1/15)

Altars:


Innate Abilities, Weirdness & Mutations

You do not eat.
You do not regenerate when monsters are visible.
You are frail without blood (-20% HP).
You are immune to poison.
You have razor-sharp teeth.
You have supernaturally acute eyesight. (SInv)
You can survive without breathing.


Message History

Casting: Ensorcelled Hibernation (safe; 11% risk of failure)
Confirm with . or Enter, or press ? or * to list all spells.
Aiming: Ensorcelled Hibernation (safe; 11% risk of failure)
Press: ? - help, Shift-Dir - straight line, f - kobold
Aim: a kobold, wielding a +0 club (severely wounded, chance to defeat MR: 58%)
The kobold resists with significant effort.
The kobold hits you with a +0 club.
Huge Dmg: -19%(-3hp) hp: 38%(6hp)
You miss the kobold.
The kobold is severely wounded.
The kobold hits you with a +0 club.
* * * LOW HITPOINT WARNING * * *
Huge Dmg: -25%(-4hp) hp: 13%(2hp)
You closely miss the kobold. Your bite misses the kobold.
The kobold is severely wounded.
The kobold barely misses you.
You closely miss the kobold. Your bite misses the kobold.
The kobold is severely wounded.
The kobold hits you with a +0 club.
You die...

#......# #
##########.####.# #
#..........# #.###
##.########.####.##.
...# #.............
#.###.###.####.##.
#.....# #.# #.###
#.###(##### #.# #.#
# #...K@# #.# #.# #
###.†## #.####.###
..... #.........
#.####. ######.###
.. ###.# ## ##...###
.. #.....#. ..###
#....... ....#####
#.....#.


You could see a kobold.

Vanquished Creatures
  A gnoll (D:1)
  An ooze (D:1)
  A goblin (D:1)
  A hobgoblin (D:1)
  A kobold (D:1)
  A rat (D:1)
6 creatures vanquished.

Notes
Turn   | Place    | Note
-------+----------+-------------------------------------------
     0 | D:1      | Lexodia the Vampire Enchanter began the quest for the Orb.
     0 | D:1      | Reached XP level 1. HP: 13/13 MP: 3/3
     6 | D:1      | Huge Dmg: 3 dmg
    12 | D:1      | Reached XP level 2. HP: 16/16 MP: 5/5
    16 | D:1      | Learned a level 2 spell: Ensorcelled Hibernation
   246 | D:1      | Huge Dmg: 3 dmg
   257 | D:1      | Huge Dmg: 3 dmg
   260 | D:1      | Huge Dmg: 3 dmg
   261 | D:1      | Huge Dmg: 4 dmg
   262 | D:1      | Slain by a kobold

Levels and vault maps discovered:
D:1:      minmay_arrival_up_and_down, layout_loops_ring

Action                   || total
-------------------------++-------
Melee: Dagger            ||    23
       Bite              ||     1
 Cast: Ensorcelled Hiber ||     4
 Abil: Exsanguinate      ||     1
 Stab: Sleeping          ||     6
Armor: Robe              ||     3
Dodge: Dodged            ||    12

Table legend:
 A = Non-vault XP
 B = Vault XP
 C = Vault XP percentage of total XP
 D = Non-vault monster count
 E = Vault monster count
 F = Vault count percentage of total count
                 A         B        C        D         E       F
            +---------+---------+-------+---------+---------+-------
      Total |      28 |       0 |   0.0 |       6 |       0 |   0.0
            +---------+---------+-------+---------+---------+-------
        D:1 |      28 |       0 |   0.0 |       6 |       0 |   0.0
            +---------+---------+-------+---------+---------+-------
